| TOP OF THE 1ST |
|
Billings Mustangs batting - Pitching for Missoula Osprey : LHP Cory Youngquist
|
|
Pitching: LHP Cory Youngquist
|
|
|
Batting: LHB Clint Hanninen
|
0-0: Foul Ball, location: 2F 0-1: Called Strike 0-2: SINGLE (Groundball, 56S, EV 65.6 MPH) (infield hit)
|
|
Batting: RHB Will Trudeau
|
0-0: Called Strike 0-1: Foul Ball, location: 2F 0-2: Foul Ball, location: 2F 0-2: Strikes out swinging Clint Hanninen is caught stealing 2nd base 2-4 Batter strikes out.
|
|
Batting: SHB Gustavo Froio
|
0-0: Called Strike 0-1: Ball 1-1: Fly out, F7 (Flyball, 7, EV 70.6 MPH)
|
| Top of the 1st over - 0 runs, 1 hit, 0 errors, 0 left on base; Billings 0 - Missoula 0 |
| BOTTOM OF THE 1ST |
|
Missoula Osprey batting - Pitching for Billings Mustangs : RHP Bayani Blanco
|
|
Pitching: RHP Bayani Blanco
|
|
|
Batting: RHB Isaiah Hampton
|
0-0: Ball 1-0: Ball 2-0: Swinging Strike 2-1: Called Strike 2-2: Ball 3-2: SINGLE (Groundball, 6MD, EV 97.5 MPH)
|
|
Batting: LHB Angelo Lira
|
0-0: Swinging Strike 0-1: Ball 1-1: Foul Ball, location: 2F 1-2: Foul Ball, location: 2F 1-2: Ball 2-2: Ball 3-2: Foul Ball, location: 2F 3-2: Fielders Choice at 2nd, 4-6 (Groundball, 34, EV 83.1 MPH)
|
|
Batting: LHB Danny Salas
|
0-0: Called Strike 0-1: Foul Ball, location: 2F 0-2: Foul Ball, location: 2F 0-2: Strikes out swinging
|
|
Batting: RHB Claude Leduc
|
0-0: Ball 1-0: Called Strike 1-1: Foul Ball, location: 2F 1-2: Strikes out swinging, 2-3 out at first.
|
| Bottom of the 1st over - 0 runs, 1 hit, 0 errors, 1 left on base; Billings 0 - Missoula 0 |
| TOP OF THE 2ND |
|
Billings Mustangs batting - Pitching for Missoula Osprey : LHP Cory Youngquist
|
|
Batting: RHB Emanuel Estrada
|
0-0: Called Strike 0-1: Swinging Strike 0-2: Fly out, F3 (Popup, 3SF, EV 69.4 MPH)
|
|
Batting: RHB Alex Nagera
|
0-0: Ground out 6-3 (Groundball, P, EV 81.9 MPH)
|
|
Batting: SHB Sal Esparza
|
0-0: Ball 1-0: Ball 2-0: SINGLE (Groundball, 6MD, EV 95.0 MPH)
|
|
Batting: RHB Wayne Watson
|
0-0: Foul Ball, location: 2F 0-1: Foul Ball, location: 2F 0-2: Strikes out swinging
|
| Top of the 2nd over - 0 runs, 1 hit, 0 errors, 1 left on base; Billings 0 - Missoula 0 |
| BOTTOM OF THE 2ND |
|
Missoula Osprey batting - Pitching for Billings Mustangs : RHP Bayani Blanco
|
|
Batting: RHB David Powell
|
0-0: Ball 1-0: Called Strike 1-1: Called Strike 1-2: Strikes out looking
|
|
Batting: RHB Juan Mejia
|
0-0: Ground out 6-3 (Groundball, 56, EV 100.0 MPH)
|
|
Batting: RHB Hector Tabares
|
0-0: Ball 1-0: Foul Ball, location: 2F 1-1: Foul Ball, location: 2F 1-2: Ball 2-2: Foul Ball, location: 2F 2-2: Fly out, F4 (Line Drive, 4, EV 62.5 MPH)
|
| Bottom of the 2nd over - 0 runs, 0 hits, 0 errors, 0 left on base; Billings 0 - Missoula 0 |
| TOP OF THE 3RD |
|
Billings Mustangs batting - Pitching for Missoula Osprey : LHP Cory Youngquist
|
|
Batting: RHB Ruben Cantu
|
0-0: Ball 1-0: Swinging Strike 1-1: Called Strike 1-2: Ball 2-2: Ball 3-2: Foul Ball, location: 2F 3-2: Base on Balls
|
|
Batting: RHB Jimmy Geddes
|
0-0: Ball 1-0: DOUBLE (Flyball, 8RXD, EV 101.9 MPH) Ruben Cantu to third
|
|
Pinch Runner at 2nd Rich Vanegas:
|
|
|
Batting: LHB Clint Hanninen
|
0-0: Ground out 3-1 (Groundball, 34D, EV 85.0 MPH) Ruben Cantu scores Rich Vanegas to third
|
|
Batting: RHB Will Trudeau
|
0-0: Called Strike 0-1: Foul Ball, location: 2F 0-2: Ball 1-2: Foul Ball, location: 2F 1-2: SINGLE (Line Drive, 9S, EV 91.2 MPH) Rich Vanegas scores
|
|
Batting: SHB Gustavo Froio
|
0-0: Called Strike 0-1: Called Strike 0-2: Grounds into double play, 4-6-3 (Groundball, 34, EV 87.5 MPH)
|
| Top of the 3rd over - 2 runs, 2 hits, 0 errors, 0 left on base; Billings 2 - Missoula 0 |
| BOTTOM OF THE 3RD |
|
Missoula Osprey batting - Pitching for Billings Mustangs : RHP Bayani Blanco
|
|
Now at 1B: Teddy Bonaddio
|
|
|
Batting: LHB Adam Spence
|
0-0: Ball 1-0: Ball 2-0: Called Strike 2-1: Swinging Strike 2-2: Strikes out looking
|
|
Batting: RHB Cullen Kelley
|
0-0: SOLO HOME RUN (Flyball, 78XD, EV 102.5 MPH), Distance : 420 ft
|
|
Batting: RHB Isaiah Hampton
|
0-0: Ball 1-0: Foul Ball, location: 2F 1-1: Swinging Strike 1-2: Ball 2-2: Foul Ball, location: 2F 2-2: Foul Ball, location: 2F 2-2: SINGLE (Line Drive, 4M, EV 104.4 MPH)
|
|
Batting: LHB Angelo Lira
|
0-0: Fly out, F6 (Line Drive, 6M, EV 73.1 MPH)
|
|
Batting: LHB Danny Salas
|
0-0: Ball 1-0: Called Strike Isaiah Hampton steals 2nd base 1-1: SINGLE (Groundball, 6S, EV 69.4 MPH) (infield hit) Isaiah Hampton to third
|
|
Batting: RHB Claude Leduc
|
0-0: Ball 1-0: Swinging Strike 1-1: Called Strike 1-2: Ball 2-2: Ground out 1-3 (Groundball, 13S, EV 68.1 MPH)
|
| Bottom of the 3rd over - 1 run, 3 hits, 0 errors, 2 left on base; Billings 2 - Missoula 1 |
| TOP OF THE 4TH |
|
Billings Mustangs batting - Pitching for Missoula Osprey : LHP Cory Youngquist
|
|
Batting: RHB Emanuel Estrada
|
0-0: Called Strike 0-1: Ball 1-1: Ball 2-1: Called Strike 2-2: Ball 3-2: Foul Ball, location: 2F 3-2: Strikes out swinging
|
|
Batting: RHB Alex Nagera
|
0-0: Swinging Strike 0-1: Ball 1-1: Called Strike 1-2: Ball 2-2: Strikes out looking
|
|
Batting: SHB Sal Esparza
|
0-0: Ball 1-0: Foul Ball, location: 2F 1-1: Called Strike 1-2: Foul Ball, location: 2F 1-2: Strikes out looking
|
| Top of the 4th over - 0 runs, 0 hits, 0 errors, 0 left on base; Billings 2 - Missoula 1 |
| BOTTOM OF THE 4TH |
|
Missoula Osprey batting - Pitching for Billings Mustangs : RHP Bayani Blanco
|
|
Batting: RHB David Powell
|
0-0: Ball 1-0: Foul Ball, location: 2F 1-1: Foul Ball, location: 2F 1-2: Strikes out swinging
|
|
Batting: RHB Juan Mejia
|
0-0: Ball 1-0: Called Strike 1-1: Ball 2-1: SINGLE (Groundball, 56D, EV 103.8 MPH)
|
|
Batting: RHB Hector Tabares
|
0-0: Ball 1-0: SINGLE (Groundball, 56S, EV 61.2 MPH) (infield hit) Juan Mejia to second
|
|
Batting: LHB Adam Spence
|
0-0: Fielders Choice at 2nd, U6 (Groundball, 4M, EV 105.0 MPH) Juan Mejia to third
|
|
Batting: RHB Cullen Kelley
|
0-0: Called Strike 0-1: Ball 1-1: Ball 2-1: 3-RUN HOME RUN (Flyball, 78XD, EV 113.1 MPH), Distance : 448 ft
|
|
Batting: RHB Isaiah Hampton
|
0-0: Ball 1-0: SINGLE (Line Drive, 3D, EV 103.8 MPH)
|
|
Batting: LHB Angelo Lira
|
0-0: Ball Passed Ball! Isaiah Hampton to second 1-0: Swinging Strike 1-1: Ball 2-1: Foul Ball, location: 2F 2-2: Foul Ball, location: 2F 2-2: Ball 3-2: Base on Balls
|
|
Pitching: RHP Tahir Montazeri
|
|
|
Batting: LHB Danny Salas
|
0-0: Foul Ball, location: 2F 0-1: Foul Ball, location: 2F 0-2: Strikes out swinging
|
| Bottom of the 4th over - 3 runs, 4 hits, 0 errors, 2 left on base; Billings 2 - Missoula 4 |
| TOP OF THE 5TH |
|
Billings Mustangs batting - Pitching for Missoula Osprey : LHP Cory Youngquist
|
|
Batting: RHB Wayne Watson
|
0-0: Foul Ball, location: 2F 0-1: Foul Ball, location: 2F 0-2: Ball 1-2: Ball 2-2: Foul Ball, location: 2F 2-2: Foul Ball, location: 2F 2-2: Foul Ball, location: 2F 2-2: Foul Ball, location: 2F 2-2: Foul Ball, location: 2F 2-2: Strikes out looking
|
|
Batting: RHB Ruben Cantu
|
0-0: Foul Ball, location: 2F 0-1: Ball 1-1: Called Strike 1-2: Ball 2-2: Strikes out swinging
|
|
Batting: RHB Teddy Bonaddio
|
0-0: Ball 1-0: Swinging Strike 1-1: Ball 2-1: Ball 3-1: Called Strike 3-2: Ground out 4-3 (Groundball, 34, EV 83.1 MPH)
|
| Top of the 5th over - 0 runs, 0 hits, 0 errors, 0 left on base; Billings 2 - Missoula 4 |
| BOTTOM OF THE 5TH |
|
Missoula Osprey batting - Pitching for Billings Mustangs : RHP Tahir Montazeri
|
|
Batting: RHB Claude Leduc
|
0-0: Foul Ball, location: 2F 0-1: Ball 1-1: Swinging Strike 1-2: Strikes out swinging
|
|
Batting: RHB David Powell
|
0-0: Fly out, F9 (Flyball, 9D, EV 85.0 MPH)
|
|
Batting: RHB Juan Mejia
|
0-0: Fly out, F7 (Flyball, 78S, EV 77.5 MPH)
|
| Bottom of the 5th over - 0 runs, 0 hits, 0 errors, 0 left on base; Billings 2 - Missoula 4 |
| TOP OF THE 6TH |
|
Billings Mustangs batting - Pitching for Missoula Osprey : LHP Cory Youngquist
|
|
Batting: LHB Clint Hanninen
|
0-0: Ball 1-0: Ball 2-0: Foul Ball, location: 2F 2-1: Foul Ball, location: 2F 2-2: Fly out, F1 (Popup, P, EV 83.1 MPH)
|
|
Batting: RHB Will Trudeau
|
0-0: Ball 1-0: Swinging Strike 1-1: Called Strike 1-2: Strikes out swinging
|
|
Batting: SHB Gustavo Froio
|
0-0: Ball 1-0: Called Strike 1-1: Foul Ball, location: 2F 1-2: Ground out 5-3 (Groundball, 56S, EV 83.8 MPH)
|
| Top of the 6th over - 0 runs, 0 hits, 0 errors, 0 left on base; Billings 2 - Missoula 4 |
| BOTTOM OF THE 6TH |
|
Missoula Osprey batting - Pitching for Billings Mustangs : RHP Tahir Montazeri
|
|
Batting: RHB Hector Tabares
|
0-0: SINGLE (Groundball, 56, EV 95.6 MPH)
|
|
Batting: LHB Adam Spence
|
0-0: Ball 1-0: Called Strike 1-1: Called Strike 1-2: Strikes out looking
|
|
Batting: RHB Cullen Kelley
|
0-0: Swinging Strike 0-1: Fly out, F8 (Line Drive, 8RM, EV 98.1 MPH)
|
|
Batting: RHB Isaiah Hampton
|
0-0: Fielders Choice at 2nd, 6-4 (Groundball, 6, EV 83.8 MPH)
|
| Bottom of the 6th over - 0 runs, 1 hit, 0 errors, 1 left on base; Billings 2 - Missoula 4 |
| TOP OF THE 7TH |
|
Billings Mustangs batting - Pitching for Missoula Osprey : LHP Cory Youngquist
|
|
Batting: RHB Emanuel Estrada
|
0-0: SINGLE (Line Drive, 8LS, EV 105.0 MPH)
|
|
Batting: RHB Alex Nagera
|
|
|
Pinch Hitting: LHB Jose Cruz
|
0-0: Ball Emanuel Estrada steals 2nd base 1-0: Fly out, F8 (Flyball, 8LM, EV 90.6 MPH)
|
|
Batting: SHB Sal Esparza
|
0-0: Fly out, F8 (Flyball, 8RS, EV 90.0 MPH)
|
|
Batting: RHB Wayne Watson
|
0-0: Called Strike 0-1: Called Strike 0-2: Ball 1-2: Ball 2-2: Ball 3-2: Foul Ball, location: 2F 3-2: Base on Balls
|
|
Pitching: RHP Sergio Reyes
|
|
|
Batting: RHB Ruben Cantu
|
0-0: Ball 1-0: Hit by Pitch Emanuel Estrada to third Wayne Watson to second
|
|
Batting: RHB Teddy Bonaddio
|
0-0: Reached on error, E5 (Groundball, 5, EV 95.0 MPH) Emanuel Estrada scores Wayne Watson to third Ruben Cantu to second
|
|
Batting: LHB Clint Hanninen
|
0-0: Fly out, F5 (Popup, 25F, EV 85.6 MPH)
|
| Top of the 7th over - 1 run, 1 hit, 1 error, 3 left on base; Billings 3 - Missoula 4 |
| BOTTOM OF THE 7TH |
|
Missoula Osprey batting - Pitching for Billings Mustangs : RHP Tahir Montazeri
|
|
Now at 3B: Cortez Restrepo
|
|
|
Batting: LHB Angelo Lira
|
0-0: Ball 1-0: Ball 2-0: Fly out, F8 (Line Drive, 89M, EV 91.9 MPH)
|
|
Batting: LHB Danny Salas
|
0-0: Called Strike 0-1: Ball 1-1: Ball 2-1: Swinging Strike 2-2: Ball 3-2: Base on Balls
|
|
Batting: RHB Claude Leduc
|
0-0: Ball 1-0: Ball 2-0: Called Strike 2-1: Ball 3-1: Base on Balls Danny Salas to second
|
|
Batting: RHB David Powell
|
0-0: Called Strike 0-1: Ball 1-1: Ball 2-1: Foul Ball, location: 2F 2-2: Ball 3-2: Foul Ball, location: 2F 3-2: 3-RUN HOME RUN (Flyball, 7D, EV 95.0 MPH), Distance : 363 ft
|
|
Pitching: RHP Jeff Buchanan
|
|
|
Batting: RHB Juan Mejia
|
0-0: Called Strike 0-1: SINGLE (Flyball, 56D, EV 93.1 MPH) - OUT at second base trying to stretch hit.
|
|
Batting: RHB Hector Tabares
|
0-0: Ball 1-0: Swinging Strike 1-1: Swinging Strike 1-2: Ball 2-2: Strikes out looking
|
| Bottom of the 7th over - 3 runs, 2 hits, 0 errors, 0 left on base; Billings 3 - Missoula 7 |
| TOP OF THE 8TH |
|
Billings Mustangs batting - Pitching for Missoula Osprey : RHP Sergio Reyes
|
|
Batting: RHB Will Trudeau
|
0-0: Swinging Strike 0-1: Ball 1-1: DOUBLE (Flyball, 8LXD, EV 111.9 MPH)
|
|
Batting: SHB Gustavo Froio
|
0-0: Ball 1-0: Ball 2-0: Foul Ball, location: 2F 2-1: SINGLE (Groundball, 34D, EV 102.5 MPH) Will Trudeau to third
|
|
Batting: RHB Emanuel Estrada
|
0-0: Fly out, F3 (Popup, 3S, EV 78.1 MPH)
|
|
Batting: RHB Cortez Restrepo
|
0-0: Called Strike 0-1: Ball 1-1: Fly out, F8 (Flyball, 8LD, EV 100.0 MPH)
|
|
Batting: SHB Sal Esparza
|
0-0: Foul Ball, location: 2F 0-1: Ball 1-1: Called Strike 1-2: Foul Ball, location: 2F 1-2: Foul Ball, location: 2F 1-2: Ball 2-2: Foul Ball, location: 2F 2-2: Foul Ball, location: 2F 2-2: Strikes out swinging
|
| Top of the 8th over - 0 runs, 2 hits, 0 errors, 2 left on base; Billings 3 - Missoula 7 |
| BOTTOM OF THE 8TH |
|
Missoula Osprey batting - Pitching for Billings Mustangs : RHP Jeff Buchanan
|
|
Batting: LHB Adam Spence
|
0-0: Ball 1-0: SINGLE (Line Drive, 4MD, EV 95.6 MPH)
|
|
Batting: RHB Cullen Kelley
|
0-0: Foul Ball, location: 2F 0-1: Grounds into double play, 4-6-3 (Groundball, 4, EV 80.0 MPH)
|
|
Batting: RHB Isaiah Hampton
|
0-0: Ball 1-0: Called Strike 1-1: Ball 2-1: Ball 3-1: SINGLE (Groundball, 56D, EV 103.8 MPH)
|
|
Batting: LHB Angelo Lira
|
0-0: Ball Isaiah Hampton steals 2nd base 1-0: Swinging Strike 1-1: Foul Ball, location: 2F 1-2: Ball 2-2: Strikes out looking
|
| Bottom of the 8th over - 0 runs, 2 hits, 0 errors, 1 left on base; Billings 3 - Missoula 7 |
| TOP OF THE 9TH |
|
Billings Mustangs batting - Pitching for Missoula Osprey : RHP Sergio Reyes
|
|
Batting: RHB Wayne Watson
|
0-0: SOLO HOME RUN (Flyball, 9D, EV 98.8 MPH), Distance : 379 ft
|
|
Pitching: LHP Bobby Manning
|
|
|
Batting: RHB Ruben Cantu
|
0-0: Ball 1-0: Called Strike 1-1: Swinging Strike 1-2: Strikes out swinging
|
|
Pinch Hitting: RHB Juan Oliveros
|
0-0: Ball 1-0: Reached on error, E5 (Groundball, 56S, EV 89.4 MPH)
|
|
Batting: LHB Clint Hanninen
|
0-0: Called Strike 0-1: SINGLE (Groundball, 34, EV 103.8 MPH) Juan Oliveros to second
|
|
Batting: RHB Will Trudeau
|
0-0: Ball 1-0: Foul Ball, location: 2F 1-1: Foul Ball, location: 2F 1-2: Ball 2-2: Ball 3-2: Foul Ball, location: 2F 3-2: Base on Balls Juan Oliveros to third Clint Hanninen to second
|
|
Batting: SHB Gustavo Froio
|
0-0: Called Strike 0-1: Swinging Strike 0-2: Strikes out swinging
|
|
Batting: RHB Emanuel Estrada
|
0-0: Swinging Strike 0-1: Swinging Strike 0-2: Ball 1-2: Strikes out swinging
|
| Top of the 9th over - 1 run, 2 hits, 1 error, 3 left on base; Billings 4 - Missoula 7 |
|